Map: Fracture LE

Players

iNcontroL

  • Race: Protoss Protoss
  • League: Master
  • Spawn Location: 11:00

Afterwork - Winner!

  • Race: Zerg Zerg
  • Spawn Location: 5:00

VOD

Have the link to the VOD?

Description

Time

  • Played on: Oct. 22, 2018, 7:24 p.m.
  • Length: 8:04
Show
View Real Time Build Order
Export as new Build Order

iNcontroL Protoss 

Build Orders: Forge Fast Expand (FFE) 

Get SALT Encoding   

  12  0:00  Probe  
  13  0:13  Probe  
  14  0:24  Pylon  
  14  0:25  Probe  
  15  0:39  Probe  
  16  0:43  Forge  
  16  0:47  Probe  
  16  0:55  Pylon  
  17  0:57  Probe  
  18  1:07  Probe  
  19  1:15  Probe  
  19  1:23  Probe  
  21  1:44  Nexus  
  21  1:47  Gateway  
  21  1:50  Photon Cannon  
  21  1:57  Assimilator  
  21  2:00  Assimilator  
  20  2:04  Probe  
  21  2:08  Pylon  
  21  2:15  Probe  
  22  2:23  Probe  
  23  2:31  Probe  
  23  2:34  Cybernetics Core  
  24  2:44  Probe  
  25  2:52  Probe  
  25  2:56  Probe  
  27  3:00  Probe  
  27  3:05  Sentry  
  28  3:08  Probe  
  28  3:10  Probe  
  28  3:11  Stargate  
  30  3:19  Pylon  
  32  3:20  Probe  
  32  3:22  Probe  
  32  3:23  Warp Gate  
  34  3:30  Pylon  
  34  3:32  Probe  
  35  3:35  Probe  
  35  3:40  Photon Cannon  
  35  3:44  Probe  
  35  3:45  Photon Cannon, Void Ray  
  35  3:47  Probe  
  41  4:01  Pylon  
  41  4:04  Shield Battery  
  41  4:16  Shield Battery  
  41  4:20  Probe  
  41  4:21  Probe  
  43  4:27  Pylon  
  43  4:30  Fleet Beacon  
  43  4:32  Probe  
  43  4:34  Probe  
  43  4:35  Assimilator  
  43  4:37  Assimilator  
  45  4:42  Probe  
  45  4:44  Probe  
  46  4:50  Probe, Pylon  
  47  4:53  Mothership  
  47  4:56  Probe  
  49  5:00  Probe  
  50  5:08  Probe  
  50  5:09  Nexus  
  50  5:11  Pylon  
  50  5:12  Probe  
  52  5:25  Probe  
  61  5:32  Photon Cannon  
  61  5:33  Pylon  
  61  5:42  Gateway  
  61  5:43  Gateway  
  61  5:51  Twilight Council  
  61  5:53  Sentry  
  61  5:55  Probe  
  68  6:07  Probe  
  67  6:19  Probe  
  67  6:21  Pylon  
  67  6:23  Pylon  
  62  6:30  Pylon  
  60  6:43  Gateway  
  60  6:45  Stalker, Gateway  
  60  6:46  Stalker  
  61  7:11  Sentry x2  
  64  7:26  Dark Shrine  
  64  7:29  Gateway  
  60  7:31  Shield Battery  
  60  7:32  Shield Battery  
  60  7:37  Stalker x2  
  64  7:45  Zealot x2  
Show
View Real Time Build Order
Export as new Build Order

Afterwork Zerg - Winner!

Build Orders: Pool First 

Get SALT Encoding   

  12  0:01  Drone  
  13  0:15  Overlord  
  13  0:17  Drone  
  14  0:33  Drone  
  14  0:34  Drone  
  16  0:37  Drone  
  17  0:46  Spawning Pool  
  17  0:48  Drone  
  17  0:51  Extractor  
  16  0:59  Drone  
  17  1:22  Drone x2  
  17  1:24  Hatchery  
  18  1:33  Queen  
  18  1:34  Zergling x2  
  21  1:43  Drone  
  22  1:54  Overlord  
  22  2:02  Roach Warren  
  22  2:06  Drone  
  22  2:12  Queen  
  24  2:16  Metabolic Boost  
  25  2:22  Drone  
  25  2:40  Overlord x2  
  25  2:50  Roach x2  
  29  2:54  Zergling x2  
  30  3:14  Roach  
  30  3:15  Roach x3  
  30  3:17  Zergling x4  
  40  3:26  Zergling x2, Roach  
  43  3:37  Overlord  
  43  3:38  Roach  
  43  3:39  Zergling x2  
  46  3:50  Roach x2  
  49  3:56  Zergling x6  
  52  4:05  Queen  
  52  4:17  Drone x3  
  52  4:18  Drone  
  52  4:21  Drone  
  57  4:24  Drone  
  58  4:38  Overlord  
  58  4:46  Overlord  
  58  4:49  Extractor  
  58  4:50  Extractor  
  56  4:53  Overlord  
  56  4:56  Queen  
  56  4:59  Overlord  
  58  5:01  Drone  
  58  5:04  Drone x2  
  61  5:08  Drone  
  61  5:09  Drone  
  61  5:13  Drone  
  64  5:24  Queen  
  66  5:34  Overlord  
  66  5:42  Queen  
  68  5:52  Overlord  
  68  5:53  Ravager x2  
  68  5:54  Ravager x4  
  74  6:00  Queen  
  74  6:01  Roach x2  
  76  6:23  Roach x6  
  88  6:34  Queen  
  90  6:45  Lair  
  81  7:17  Roach x2  
  81  7:18  Roach x4  
  92  7:24  Ravager x2  
  92  7:25  Ravager x2  
  92  7:26  Overlord  
  92  7:27  Zergling x8  
  100  7:30  Overlord x2  
  100  7:32  Extractor  
Tags
 
Add a new tag
Caveats
  • Supply blocks, unpowered buildings, or Contaminate may cause inaccurate times.
  • Supply counts are checked every 10 seconds.